 Dungeon Crawl Stone Soup version 0.30-a0-918-g0ff054e9dc (webtiles) character file.

Game seed: 3494054393108873247

109828 cforsyth the Fighter (level 17, -3/139 HPs)
             Began as a Human Fighter on Mar 21, 2023.
             Was the Champion of Okawaru.
             Slain by a golden dragon simulacrum (63 damage)
             ... in an ice cave.
             The game lasted 00:45:03 (20220 turns).

cforsyth the Fighter (Human Fighter)               Turns: 20220, Time: 00:45:04

Health: -3/139     AC: 28    Str: 24    XL:     17   Next: 8%
Magic:  19/19      EV:  9    Int:  9    God:    Okawaru [******]
Gold:   852        SH: 19    Dex: 20    Spells: 16/16 levels left

rFire   + . .      SeeInvis .    G - +6 flail of Glory {spect, rElec rF+ rCorr Stlth+}
rCold   . . .      Faith    .    Y - +5 kite shield of the Harp {Dex+4}
rNeg    . . .      Spirit   .    N - +8 chain mail of Okawaru's Envy {Harm}
rPois   +          Reflect  .    b - +0 helmet
rElec   +          Rampage  .    J - scarf {repulsion}
rCorr   +          Harm     + .  I - +0 pair of gloves
Will    +....                    c - +2 pair of boots Stlth
                                 z - amulet "Zitt" {rPois Regen+ rCorr Dex-3 Slay+3}
HPRegen 1.23/turn                p - +6 ring of dexterity
MPRegen 0.16/turn                K - ring of wizardry

@: repel missiles
A: no striking features
a: Renounce Religion, Heroism, Finesse, Duel


You were in an ice cave.
You worshipped Okawaru.
Okawaru was exalted by your worship.
You visited 4 branches of the dungeon, and saw 22 of its levels.
You also visited: Ice Cave.

You collected 2062 gold pieces.
You spent 1210 gold pieces at shops.

Inventory:

Hand Weapons
 u - a +1 demon whip of venom
 G - the +6 flail of Glory (weapon) {spect, rElec rF+ rCorr Stlth+}
   (You found it on level 5 of the Dungeon)

   rF:        It protects you from fire.
   rElec:     It insulates you from electricity.
   rCorr:     It protects you from acid and corrosion.
   Stlth:     It makes you more stealthy.
Missiles
 A - 3 throwing nets (quivered)
Armour
 b - a +0 helmet (worn)
 c - a +2 pair of boots (worn)
 I - a +0 pair of gloves (worn)
 J - a scarf of repulsion (worn)
 M - a +0 cloak
 N - the +8 chain mail of Okawaru's Envy (worn) {Harm}
   (Okawaru gifted it to you on level 11 of the Dungeon)

   Harm:      It increases damage dealt and taken.
 T - a +1 kite shield of reflection
 W - the +2 pair of gloves of Hedonism {rElec rC- Str+2 Dex+3}
   (Okawaru gifted it to you on level 5 of the Lair of Beasts)

   Str:       It affects your strength (+2).
   Dex:       It affects your dexterity (+3).
   rC:        It makes you vulnerable to cold.
   rElec:     It insulates you from electricity.
 Y - the +5 kite shield of the Harp (worn) {Dex+4}
   (Okawaru gifted it to you on level 5 of the Lair of Beasts)

   Dex:       It affects your dexterity (+4).
Jewellery
 p - a +6 ring of dexterity (left hand)
 q - a ring of fire
 z - the amulet "Zitt" (around neck) {rPois Regen+ rCorr Dex-3 Slay+3}
   (You found it on level 5 of the Dungeon)

   [amulet of regeneration]

   Dex:       It affects your dexterity (-3).
   Slay:      It affects your accuracy & damage with ranged weapons and melee
   (+3).
   rPois:     It protects you from poison.
   Regen:     It increases your rate of health regeneration.
   rCorr:     It protects you from acid and corrosion.
 K - a ring of wizardry (right hand)
 L - a +6 ring of intelligence
 V - a ring of poison resistance
Wands
 a - a wand of digging (1)
 j - a wand of polymorph (4)
 t - a wand of paralysis (8)
 v - a wand of flame (27)
 P - a wand of quicksilver (4)
 S - a wand of iceblast (2)
Scrolls
 e - 5 scrolls of enchant armour
 l - a scroll of vulnerability
 m - 6 scrolls of blinking
 o - 3 scrolls of fog
 r - 3 scrolls of silence
 s - a scroll of torment
 w - 3 scrolls of enchant weapon
 x - 2 scrolls of brand weapon
 y - 2 scrolls of fear
 C - 2 scrolls of magic mapping
 D - 4 scrolls of teleportation
 U - 2 scrolls of poison
Potions
 d - 6 potions of might
 f - 4 potions of haste
 h - 4 potions of lignification
 i - 7 potions of curing
 k - 5 potions of heal wounds
 n - 3 potions of attraction
 B - a potion of resistance
 E - a potion of cancellation
 F - 4 potions of flight
 H - 5 potions of mutation
 O - 2 potions of brilliance
 Q - a potion of degeneration {unknown}
 R - a potion of magic


   Skills:
 + Level 14.3 Fighting
 - Level 14.1 Maces & Flails
 + Level 14.3 Armour
 + Level 2.8 Dodging
 + Level 14.2 Shields
 + Level 3.0 Invocations


You had 16 spell levels left.
You didn't know any spells.
Your spell library contained the following spells:

 Spells                   Type           Power      Damage    Failure   Level
 Apportation              Tloc           0%         N/A       75%         1
 Foxfire                  Conj/Fire      0%         2x1d4     75%         1
 Magic Dart               Conj           0%         1d3       75%         1
 Shock                    Conj/Air       0%         1d3       75%         1
 Blink                    Tloc           0%         N/A       86%         2
 Lesser Beckoning         Tloc           0%         N/A       86%         2
 Momentum Strike          Conj/Tloc      0%         3d8       86%         2
 Dazzling Flash           Conj/Hex       0%         N/A       97%         3
 Gell's Gravitas          Tloc           0%         N/A       97%         3
 Mephitic Cloud           Conj/Pois/Air  0%         N/A       97%         3
 Portal Projectile        Hex/Tloc       0%         N/A       97%         3
 Swiftness                Air            0%         N/A       97%         3
 Teleport Other           Tloc           0%         N/A       97%         3
 Vhi's Electric Charge    Tloc/Air       0%         N/A       97%         3
 Airstrike                Air            0%         2d(0-16)  100%        4
 Passage of Golubria      Tloc           0%         N/A       100%        4
 Agony                    Necr           0%         N/A       100%        5
 Arcjolt                  Conj/Air       0%         1d10      100%        5
 Blade Hands              Tmut           0%         N/A       100%        5
 Fireball                 Conj/Fire      0%         3d3       100%        5
 Irradiate                Conj/Tmut      0%         3d11      100%        5
 Silence                  Hex/Air        0%         N/A       100%        5
 Dispersal                Tloc           0%         N/A       100%        6
 Starburst                Conj/Fire      0%         6d3       100%        6
 Dragon Form              Tmut           0%         N/A       100%        7
 Maxwell's Capacitive Co  Air            0%         ∞         100%        8
 Call Imp                 Summ           Unusable   N/A       N/A         2

Dungeon Overview and Level Annotations

Branches:
Dungeon (14/15)            Temple (1/1) D:4            Lair (5/5) D:8
 Shoals (0/4) Lair:3        Snake (0/4) Lair:3        Slime (0/5) Lair:5
    Orc (2/2) D:10            Elf (0/3) Orc:2         IceCv (1/1)
 Vaults: D:13-14

Altars:
Ashenzari
Cheibriados
Dithmenos
Elyvilon
Fedhas
Gozag
Hepliaklqana
Kikubaaqudgha
Makhleb
Nemelex Xobeh
Okawaru
Qazlal
Ru
Sif Muna
Trog
Uskayaw
Vehumet
Wu Jian
Xom
Yredelemnul
Zin
The Shining One
Jiyva
Lugonu

Shops:
D:3 !*=(*   D:8 (   Orc:1 !   Orc:2 [*(:

Portals:
Abyss: Lair:5


Message History

Your +6 flail of Glory {spect, rElec rF+ rCorr Stlth+} completely misses the white very ugly thing.
You block the white very ugly thing's attack.
The lindwurm simulacrum bites your +6 flail of Glory {spect, rElec rF+ rCorr Stlth+}!
Your spectral weapon shares its damage with you!
The lindwurm simulacrum freezes your +6 flail of Glory {spect, rElec rF+ rCorr Stlth+}!
Your +6 flail of Glory {spect, rElec rF+ rCorr Stlth+} resists.
Your spectral weapon shares its damage with you!
The lindwurm simulacrum claws your +6 flail of Glory {spect, rElec rF+ rCorr Stlth+} but does no damage.
The lindwurm simulacrum misses your +6 flail of Glory {spect, rElec rF+ rCorr Stlth+}.
You block the golden dragon simulacrum's attack.
The golden dragon simulacrum claws you but does no damage.
The golden dragon simulacrum tramples you but does no damage.
The alligator simulacrum bites you but does no damage.
You block the alligator simulacrum's attack.
You closely miss the white very ugly thing.
Your +6 flail of Glory {spect, rElec rF+ rCorr Stlth+} misses the white very ugly thing.
Your +6 flail of Glory {spect, rElec rF+ rCorr Stlth+} is engulfed in freezing vapours. x2
Your +6 flail of Glory {spect, rElec rF+ rCorr Stlth+} fades away.
The white very ugly thing tentacle-slaps you but does no damage.
The alligator simulacrum bites you but does no damage.
You block the alligator simulacrum's attack.
You bludgeon the white very ugly thing!!
The white very ugly thing is moderately wounded.
Your +6 flail of Glory {spect, rElec rF+ rCorr Stlth+} hits the white very ugly thing!
A harpy simulacrum comes into view.
You block the golden dragon simulacrum's attack.
The golden dragon simulacrum claws you!
The golden dragon simulacrum freezes you!!!
The golden dragon simulacrum tramples you but does no damage.
You block the white very ugly thing's attack.
The alligator simulacrum bites you but does no damage.
The alligator simulacrum tail-slaps you but does no damage.
You bludgeon the white very ugly thing!!
The white very ugly thing is severely wounded.
Your +6 flail of Glory {spect, rElec rF+ rCorr Stlth+} barely misses the white very ugly thing.
The lindwurm simulacrum closely misses you.
You block the lindwurm simulacrum's attack. x2
The golden dragon simulacrum bites you.
The golden dragon simulacrum freezes you!!!
You die...

### ...###
......#
.......##
........##
.8......Z#
.......ZZ#
)......u@#
.......Z(#
.8.......#
...Z....##
.......##
......#
...### ###


You could see a white very ugly thing, an alligator simulacrum, a lindwurm
simulacrum, a golden dragon simulacrum, a harpy simulacrum, a caustic shrike
simulacrum and a friendly +6 flail of Glory {spect, rElec rF+ rCorr Stlth+}
(summoned).

Vanquished Creatures
  Frances (D:12)
  An orc warlord (Orc:2)
  Nessos (D:13)
  4 hydras
  3 centaur warriors (D:13)
  A death knight (D:13)
  2 boulder beetles
  2 two-headed ogres
  9 death yaks
  3 orc high priests
  4 thrashing horrors (Lair:5)
  Nergalle (D:10)
  A skyshark (Lair:5)
  Amaemon (D:8)
  Lodul (D:11)
  4 skeletal warriors
  A harpy (shapeshifter) (Lair:5)
  A deep elf pyromancer (D:12)
  A phantasmal warrior (D:13)
  2 ugly things (D:13)
  A cyclops (D:12)
  4 orc knights (Orc:2)
  5 orc sorcerers
  Maurice (D:9)
  16 elephants (Lair:4)
  7 black mambas
  An ice statue (D:14)
  A smoke demon (Lair:5)
  11 cane toads
  2 gargoyles
  3 rime drakes
  An orange demon (D:8)
  4 komodo dragons
  An unseen horror (D:11)
  Psyche (D:9)
  A kobold demonologist (D:10)
  A freezing wraith (D:13)
  An anaconda simulacrum (IceCv)
  4 ancient zymes (Lair:5)
  A queen bee (shapeshifter) (D:14)
  A large abomination (Lair:5)
  7 trolls
  A hornet (D:9)
  2 polar bears
  A raiju (shapeshifter) (D:14)
  12 blink frogs (Lair:5)
  A wind drake (shapeshifter) (Lair:5)
  72 yaks
  2 spriggans (Lair:5)
  A wraith (D:13)
  9 wyverns
  2 ynoxinuls (Lair:5)
  12 basilisks
  4 vampire mosquitoes (D:12)
  3 steam dragons
  2 chaos spawn (Lair:5)
  4 wargs
  An acid dragon (D:9)
  16 water moccasins
  3 nagas (Lair:3)
  8 small abominations (Lair:5)
  32 orc warriors
  A sky beast (D:4)
  A black bear (D:8)
  4 ice beasts
  10 ogres
  20 wolves
  4 centaurs
  2 phantoms (D:5)
  4 kobold brigands
  Blork the orc (Orc:2)
  7 bullfrogs
  5 scorpions
  A gnoll sergeant (D:7)
  10 wights
  A lindwurm simulacrum (IceCv)
  6 howler monkeys (D:11)
  4 hounds
  15 orc priests
  2 sleepcaps
  7 iguanas
  20 orc wizards
  5 hell rats (Lair:5)
  13 gnolls
  2 adders (D:2)
  2 shadow imps
  A white imp (D:5)
  A worm (D:2)
  A dart slug (D:5)
  54 orcs
  6 ball pythons
  2 bats
  4 endoplasms
  3 giant cockroaches
  6 goblins
  4 hobgoblins
  9 jackals
  20 kobolds
  A quokka (D:4)
  5 frilled lizards
  3 rats
574 creatures vanquished.

Vanquished Creatures (others)
  A bush (D:8)
  23 fungi
  43 plants
67 creatures vanquished.

Grand Total: 641 creatures vanquished

Notes
Turn   | Place    | Note
-------+----------+-------------------------------------------
     0 | D:1      | cforsyth the Human Fighter began the quest for the Orb.
     0 | D:1      | Reached XP level 1. HP: 18/18 MP: 1/1
   138 | D:1      | Reached XP level 2. HP: 22/24 MP: 2/2
   525 | D:1      | Reached XP level 3. HP: 29/29 MP: 3/3
   612 | D:1      | Found a faded altar of an unknown god.
  1213 | D:2      | Reached XP level 4. HP: 31/35 MP: 4/4
  1375 | D:3      | Found Naniwk's Weapon Shop.
  1703 | D:3      | Found Sanobuja's Assorted Antiques.
  1760 | D:3      | Found a sparkling altar of Nemelex Xobeh.
  1819 | D:3      | Found a hazy altar of Hepliaklqana.
  1852 | D:3      | Found Utisih's Distillery.
  1856 | D:3      | Found a shadowy altar of Dithmenos.
  1974 | D:3      | Found Urcheuse's General Store.
  2015 | D:3      | Found Wuwkaf's Jewellery Boutique.
  2275 | D:3      | Found a broken altar of Ashenzari.
  2346 | D:4      | Noticed a sky beast
  2394 | D:4      | Killed a sky beast
  2395 | D:4      | Reached XP level 5. HP: 42/42 MP: 5/5
  2827 | D:4      | Identified the +0 leather armour of Gehenna {MP-9 Str+2
                  | Dex+5}
  2989 | D:4      | Found a staircase to the Ecumenical Temple.
  3116 | Temple   | Entered the Ecumenical Temple
  3280 | D:5      | Entered Level 5 of the Dungeon
  3331 | D:5      | Reached XP level 6. HP: 35/48 MP: 6/6
  3398 | D:5      | Noticed an orc warrior
  3648 | D:5      | Noticed a water moccasin
  3666 | D:5      | Killed a water moccasin
  3667 | D:5      | Reached XP level 7. HP: 33/55 MP: 7/7
  3804 | D:5      | Identified the amulet "Zitt" {rPois Regen+ rCorr Dex-3
                  | Slay+3}
  4020 | D:5      | Reached skill level 5 in Fighting
  4020 | D:5      | Reached skill level 5 in Armour
  4020 | D:5      | Reached skill level 5 in Shields
  4020 | D:5      | Reached XP level 8. HP: 61/62 MP: 8/8
  4261 | D:5      | Noticed a two-headed ogre
  4330 | D:5      | Reached skill level 5 in Maces & Flails
  4651 | D:6      | Found a sacrificial altar of Ru.
  5406 | D:6      | Reached XP level 9. HP: 65/69 MP: 9/9
  5686 | D:5      | Killed a two-headed ogre
  5713 | D:5      | Identified the +6 flail of Glory {spect, rElec rF+ rCorr
                  | Stlth+}
  6019 | D:7      | Identified the +8 longbow "Gram" {heavy, Stlth+}
  6161 | D:7      | Found an iron altar of Okawaru.
  6211 | D:7      | Became a worshipper of Warmaster Okawaru
  6739 | D:8      | Reached XP level 10. HP: 79/79 MP: 10/10
  6808 | D:7      | Reached * piety under Okawaru
  6864 | D:8      | Reached ** piety under Okawaru
  6927 | D:8      | Found a staircase to the Lair.
  6970 | D:8      | Reached *** piety under Okawaru
  7048 | D:8      | Reached XP level 11. HP: 87/87 MP: 11/11
  7108 | D:8      | Noticed Amaemon
  7130 | D:8      | Killed Amaemon
  7130 | D:8      | Reached **** piety under Okawaru
  7333 | D:8      | Found Aceny's Weapon Emporium.
  7405 | D:8      | Found a stormy altar of Qazlal.
  7511 | D:9      | Noticed Maurice
  7708 | D:9      | Killed Maurice
  8009 | D:9      | Noticed Psyche
  8012 | D:9      | You fall into a shaft and drop 1 floor!
  8012 | D:10     | Entered Level 10 of the Dungeon
  8012 | D:10     | Found a glowing golden altar of the Shining One.
  8171 | D:9      | Killed Psyche
  8171 | D:9      | Reached ***** piety under Okawaru
  8199 | D:9      | Got Vophim's Excursus on Angles
  8294 | D:10     | Noticed Nergalle
  8300 | D:10     | Killed Nergalle
  8393 | D:10     | Reached XP level 12. HP: 77/97 MP: 12/12
  8643 | D:10     | Found a staircase to the Orcish Mines.
  9092 | D:11     | Reached skill level 10 in Fighting
  9092 | D:11     | Reached skill level 10 in Armour
  9101 | D:11     | Reached skill level 10 in Shields
  9118 | D:11     | Noticed Lodul
  9179 | D:11     | Killed Lodul
  9179 | D:11     | Identified the +8 chain mail of Okawaru's Envy {Harm}
                  | (Okawaru gifted it to you on level 11 of the Dungeon)
  9179 | D:11     | Received a gift from Okawaru
  9202 | D:11     | Reached skill level 10 in Maces & Flails
  9957 | D:12     | Noticed Frances
  9971 | D:12     | Killed Frances
 10585 | D:13     | Noticed a skeletal warrior
 10585 | D:13     | Noticed a skeletal warrior
 10585 | D:13     | Noticed a skeletal warrior
 10615 | D:13     | Killed a skeletal warrior
 10615 | D:13     | Reached ****** piety under Okawaru
 10616 | D:13     | Reached XP level 13. HP: 105/105 MP: 13/13
 10808 | D:13     | Noticed a centaur warrior
 10817 | D:13     | Killed a centaur warrior
 10845 | D:13     | Noticed Nessos
 10851 | D:13     | Killed Nessos
 11105 | Lair:1   | Entered Level 1 of the Lair of Beasts
 12611 | Lair:2   | Received a gift from Okawaru
 13654 | Lair:3   | Found a staircase to the Shoals.
 13841 | Lair:3   | Reached XP level 14. HP: 115/115 MP: 14/14
 13931 | Lair:3   | Found a staircase to the Snake Pit.
 14472 | Lair:4   | Received a gift from Okawaru
 15214 | Lair:5   | Entered Level 5 of the Lair of Beasts
 15385 | Lair:5   | Identified the +2 pair of gloves of Hedonism {rElec rC-
                  | Str+2 Dex+3} (Okawaru gifted it to you on level 5 of the
                  | Lair of Beasts)
 15385 | Lair:5   | Received a gift from Okawaru
 15426 | Lair:5   | Found a staircase to the Slime Pits.
 15650 | Lair:5   | Found a viscous altar of Jiyva.
 15923 | Lair:5   | Reached XP level 15. HP: 123/123 MP: 15/15
 16202 | Lair:5   | Identified the +1 troll leather armour of the Bruised Eyes
                  | {Regen+ Str+2}
 17173 | Lair:5   | Identified the +5 kite shield of the Harp {Dex+4} (Okawaru
                  | gifted it to you on level 5 of the Lair of Beasts)
 17173 | Lair:5   | Received a gift from Okawaru
 17423 | Lair:5   | Found a corrupted altar of Lugonu.
 17423 | Lair:5   | Found a one-way gate to the infinite horrors of the Abyss.
 17639 | Orc:1    | Entered Level 1 of the Orcish Mines
 17662 | Orc:1    | Found a burning altar of Makhleb.
 17717 | Orc:2    | Entered Level 2 of the Orcish Mines
 17789 | Orc:2    | Found a staircase to the Elven Halls.
 18123 | Orc:2    | Noticed Blork the orc
 18454 | Orc:2    | Killed Blork the orc
 18489 | Orc:2    | Noticed an orc warlord
 18490 | Orc:2    | Found Buckay's Book Boutique.
 18504 | Orc:2    | Killed an orc warlord
 18734 | Orc:2    | Found Bik Zint's Antique Weapon Boutique.
 18765 | Orc:2    | Found Ovigosesm's Antique Armour Boutique.
 18843 | Orc:2    | Found Qaohuje's General Store.
 18865 | Orc:2    | Bought a helmet for 135 gold pieces
 18870 | Orc:2    | Bought a pair of runed boots for 225 gold pieces
 18979 | Orc:1    | Paralysed by an orc sorcerer for 3 turns
 19258 | Orc:1    | Found Xonuiloph's Distillery.
 19429 | Orc:1    | Bought a potion of experience for 850 gold pieces
 19772 | D:13     | Identified the +0 pair of boots of Classification {Will+}
                  | (Okawaru gifted it to you on level 13 of the Dungeon)
 19772 | D:13     | Received a gift from Okawaru
 19965 | D:13     | Reached skill level 1 in Invocations
 19965 | D:13     | Reached XP level 16. HP: 133/133 MP: 16/16
 19965 | D:13     | Reached XP level 17. HP: 139/139 MP: 16/18
 20158 | D:14     | Found a frozen archway.
 20208 | IceCv    | Entered an ice cave
 20220 | IceCv    | Slain by a golden dragon simulacrum

Illustrated notes

Levels and vault maps discovered:
D:1:      dpeg_arrival_erosion, layout_rooms,
          dilly_ecumenical_altar_fadedgnrine, chequers_arboretum,
          minmay_misc_feat_five
D:2:      layout_basic, grunt_ministairs_10
D:3:      layout_basic, nicolae_hepliaklqana_hazy_memory,
          nicolae_dithmenos_the_darkroom, mainiacjoe_overflow_big_doors,
          serial_shops, nicolae_diamond_shop, shop_statue, shop,
          nicolae_square_shop, nicolae_lakefront_shop
D:4:      layout_basic, temple_hall
D:5:      minmay_chambers_of_fours, layout_basic, minmay_misc_feat_diagonals,
          kennysheep_generic_room_8
D:6:      layout_loops_ring, lemuel_round_altar, kennysheep_opposing_triangles
D:7:      layout_gridville, okawaru_ov_weapons_minmay
D:8:      layout_gridville, nicolae_qazlal_eye_of_the_storm,
          minmay_lair_entry_grove, serial_shops, nicolae_shop_waterfront,
          uniq_amaemon
D:9:      layout_roguey, uniq_maurice, uniq_psyche
D:10:     layout_cross, mainiacjoe_overflow_boulevard, david_orc_2,
          uniq_nergalle
D:11:     layout_roguey, minivault_24, uniq_lodul
D:12:     layout_irregular_city, uniq_frances
D:13:     layout_stronghold, uniq_nessos
D:14:     dreamdust_dug_too_deep, layout_layer_cave, david_vaults_1,
          nicolae_titane, portal_ice_cave_entry_ice_statue_one
Temple:   nicolae_temple_two_arcs
Lair:1:   layout_layer_cave, grunt_megastairs_1
Lair:2:   layout_cave_pods
Lair:3:   layout_cave_shapes, shoals_dummy_entry,
          minmay_snake_entry_guardpost_small
Lair:4:   layout_regular_city, infiniplex_staircase_pool_2
Lair:5:   hellmonk_lair_end_abyssal_woods, layout_cave_pods, slime_entry_1,
          serial_bayou_shore_b
Orc:1:    layout_diamond_mine, serial_shops, shop_statue, basic_altar,
          nicolae_orc_lost_temple
Orc:2:    grunt_orc_cross, layout_caves
IceCv:    ice_cave_statue_garden_transporter

Skill      XL: |  1  2  3  4  5  6  7  8  9 10 11 12 13 14 15 16 17 |
---------------+----------------------------------------------------+-----
Maces & Flails | 3 4 5 6 8 9 10 11 12 13 14 | 14.1
Fighting       | 4 5 6 7 8 9 10 12 13 14 | 14.3
Armour         | 4 5 7 8 9 10 12 13 14 | 14.3
Shields        | 4 5 7 8 9 10 12 13 14 | 14.2
Invocations    | 1 2 3 |  3.0
Dodging        | 2 |  2.8

Action                     |  1- 3 |  4- 6 |  7- 9 | 10-12 | 13-15 | 16-18 || total
---------------------------+-------+-------+-------+-------+-------+-------++-------
  Melee: Flail             |   104 |   138 |   225 |   385 |   822 |    38 ||  1712
  Evoke: Wand              |       |       |     4 |    11 |     2 |     2 ||    19
    Use: Scroll            |       |       |    10 |    13 |     4 |     1 ||    28
         Potion            |       |       |       |       |     1 |     1 ||     2
   Stab: Paralysed         |       |       |    11 |       |       |       ||    11
         Distracted        |       |       |       |     9 |    17 |     2 ||    28
 Armour: Scale mail        |    30 |       |       |       |       |       ||    30
         Plate armour      |    62 |   158 |   129 |   182 |       |       ||   531
         Chain mail        |       |       |       |    58 |   475 |    16 ||   549
  Dodge: Dodged            |    44 |    61 |    44 |   120 |   201 |     6 ||   476
         Repelled          |       |       |       |     3 |     1 |       ||     4
  Block: Buckler           |    34 |    57 |    50 |    97 |    39 |       ||   277
         Kite shield       |       |       |       |       |   546 |    24 ||   570

Table legend: (Time is in decaauts)
 A = Elapsed time spent in this place.
 B = Non-inter-level travel time spent in this place.
 C = Inter-level travel time spent in this place.
 D = Time resting spent in this place.
 E = Time spent auto-exploring this place.
 F = Levels seen in this place.
 G = Mean time per level.
                   A        B        C        D        E       F      G
               +--------+--------+--------+--------+--------+-----+--------+
         Total |  20251 |  18958 |   1293 |   2331 |  12437 |  23 |  880.5 |
       Dungeon |  11986 |  11059 |    927 |   1109 |   7330 |  14 |  856.1 |
        Temple |    119 |    112 |      7 |      0 |    106 |   1 |  119.0 |
          Lair |   6317 |   6086 |    231 |    700 |   4254 |   5 | 1263.4 |
  Orcish Mines |   1818 |   1692 |    126 |    522 |    747 |   2 |  909.0 |
      Ice Cave |     10 |     10 |      0 |      0 |      0 |   1 |   10.0 |
               +--------+--------+--------+--------+--------+-----+--------+

Top non-repeatable levels by time:
  Lair:5: 1878 daAuts
  Lair:1: 1416 daAuts
  Lair:4: 1350 daAuts
     D:5: 1322 daAuts
     D:6: 1193 daAuts
     D:4: 1062 daAuts
   Orc:2: 1058 daAuts
     D:8: 1033 daAuts
    D:13: 1022 daAuts
  Lair:2: 971 daAuts
    D:11: 926 daAuts
     D:2: 870 daAuts
     D:3: 843 daAuts
    D:12: 843 daAuts
     D:9: 799 daAuts
